 Dungeon Crawl Stone Soup version 0.21-a0-552-g593960d (webtiles) character file.

116 tidbits the Magician (level 5, -1/43 HPs)
             Began as a Gnoll Wanderer on Dec 17, 2017.
             Slain by an orc
             ... wielding a +0 short sword
              (5 damage)
             ... on level 4 of the Dungeon.
             The game lasted 00:03:39 (435 turns).

tidbits the Magician (Gnoll Wanderer)                Turns: 435, Time: 00:03:40

Health: -1/43      AC:  2    Str: 16    XL:     5   Next: 1%
Magic:  12/12      EV: 10    Int: 14    God:
Gold:   108        SH:  9    Dex: 14    Spells: 14/14 levels left

rFire    . . .     SeeInvis .   b - +0 mace
rCold    . . .     Gourm    .   a - +0 shield
rNeg     . . .     Faith    .   d - +0 robe
rPois    .         Spirit   .   (no helmet)
rElec    .         Reflect  .   (no cloak)
rCorr    .         Harm     .   (no gloves)
MR       .....                  (no boots)
Stlth    ++........             (no amulet)
HPRegen  0.14/turn              k - ring of flight
MPRegen  0.13/turn              (no ring)

@: berserk cooldown, slowed, very slow
A: distributed training, fangs 1, strong nose
a: Evoke Flight


You were on level 4 of the Dungeon.
You were not hungry.

You visited 1 branch of the dungeon, and saw 4 of its levels.

You collected 108 gold pieces.

Inventory:

Hand Weapons
 b - a +0 mace (weapon)
 e - a +0 hand axe
Missiles
 i - 38 stones (quivered)
Armour
 a - a +0 shield (worn)
 d - a +0 robe (worn)
Jewellery
 k - a ring of flight (left hand)
   (You found it on level 3 of the Dungeon)
Scrolls
 c - 3 scrolls of teleportation
 g - 4 scrolls of identify {unknown}
 j - a scroll of noise {unknown}
 l - 2 scrolls of remove curse {unknown}
Potions
 n - a potion of degeneration {unknown}
Comestibles
 f - 3 bread rations
 h - a meat ration


   Skills:
 + Level 4.7 Fighting
 + Level 1.2 Short Blades
 + Level 1.2 Long Blades
 + Level 1.2 Axes
 + Level 4.7 Maces & Flails
 + Level 1.2 Polearms
 + Level 1.2 Staves
 + Level 1.2 Slings
 + Level 1.2 Bows
 + Level 1.2 Crossbows
 + Level 1.2 Throwing
 + Level 2.8 Armour
 + Level 1.2 Dodging
 + Level 1.2 Stealth
 + Level 4.7 Shields
 + Level 1.2 Unarmed Combat
 + Level 5.1 Spellcasting
 + Level 1.0 Conjurations
 + Level 1.0 Hexes
 + Level 1.0 Charms
 + Level 2.3 Summonings
 + Level 1.0 Necromancy
 + Level 1.0 Translocations
 + Level 1.0 Transmutations
 + Level 1.0 Fire Magic
 + Level 1.0 Ice Magic
 + Level 1.0 Air Magic
 + Level 1.0 Earth Magic
 + Level 1.0 Poison Magic
 + Level 1.4 Invocations
 + Level 1.2 Evocations


You had 14 spell levels left.
You didn't know any spells.

Dungeon Overview and Level Annotations

Branches:
Dungeon (4/15)
 Temple: D:4-7

Altars:
Yredelemnul


Innate Abilities, Weirdness & Mutations

Your experience applies equally to all skills.
You have very sharp teeth.
Your uncanny sense of smell can sniff out nearby items.


Message History

* * * LOW HITPOINT WARNING * * *
You hit the bullfrog. You bite the bullfrog.
The bullfrog is severely wounded.
You block the bullfrog's attack. x2
You thump the bullfrog!
The bullfrog is almost dead.
The bullfrog hits you!
* * * LOW HITPOINT WARNING * * *
Your shield prevents you from hitting the bullfrog.
The bullfrog is almost dead.
The bullfrog barely misses you. You block the bullfrog's attack.
You hit the bullfrog.
You kill the bullfrog!
Your Short Blades skill increases to level 1!
Your Long Blades skill increases to level 1!
Your Axes skill increases to level 1!
Your Polearms skill increases to level 1!
Your Staves skill increases to level 1!
Your Slings skill increases to level 1!
Your Bows skill increases to level 1!
Your Crossbows skill increases to level 1!
Your Throwing skill increases to level 1!
Your Dodging skill increases to level 1!
Your Stealth skill increases to level 1!
Your Unarmed Combat skill increases to level 1!
Your Spellcasting skill increases to level 5!
Your Invocations skill increases to level 1!
Your Evocations skill increases to level 1!
You have reached level 4!
You feel stronger.
You now have 99 gold pieces (gained 17).
Found 9 gold pieces.
Found 9 poisoned needles.
You now have 108 gold pieces (gained 9).
You hear the rusting of a very distant drain.
An orc comes into view. It is wielding a short sword.
The orc shouts!
You hear a shout!
The orc throws a stone.
The stone hits you.
* * * LOW HITPOINT WARNING * * *
An orc and an orc wizard come into view.
You see here a stone.
An orc comes into view. It is wielding a dagger.
The orc shouts! x2
The orc throws a stone.
You block the stone.
The orc throws a tomahawk.
You block the tomahawk.
Things that are here:
a tomahawk; a stone Unknown command.
It was a potion of berserk rage.
A red film seems to cover your vision as you go berserk!
You feel yourself moving faster!
You feel mighty!
The orc throws a stone.
The stone hits you but does no damage.
You feel a strong urge to attack something.
The orc throws a stone.
You block the stone.
You see here a stone.
The orc hits you with a short sword.
* * * LOW HITPOINT WARNING * * *
You sock the orc wizard!
The orc wizard is heavily wounded.
You block the orc wizard's attack. The orc closely misses you.
You block the orc's attack.
You sock the orc wizard!
You kill the orc wizard!
Your Conjurations skill increases to level 1!
Your Hexes skill increases to level 1!
Your Charms skill increases to level 1!
Your Necromancy skill increases to level 1!
Your Translocations skill increases to level 1!
Your Transmutations skill increases to level 1!
Your Fire Magic skill increases to level 1!
Your Ice Magic skill increases to level 1!
Your Air Magic skill increases to level 1!
Your Earth Magic skill increases to level 1!
Your Poison Magic skill increases to level 1!
You have reached level 5!
The orc throws a tomahawk.
The tomahawk hits you.
* * * LOW HITPOINT WARNING * * *
You block the orc's attack.
You are too injured to fight recklessly!
You are too injured to fight recklessly!
Your shield prevents you from hitting the orc.
The orc closely misses you.
You closely miss the orc. You block the orc's attack. x2
The orc hits you with a dagger.
* * * LOW HITPOINT WARNING * * *
You closely miss the orc. You bite the orc.
The orc is almost dead.
You block the orc's attack. The orc barely misses you.
You barely miss the orc.
The orc is almost dead.
You are no longer berserk.
You are exhausted.
You feel yourself slow down. The orc hits you with a dagger.
* * * LOW HITPOINT WARNING * * *
The orc misses you. You block the orc's attack.
You closely miss the orc. You bite the orc, but do no damage.
The orc is almost dead.
The orc closely misses you. The orc hits you with a short sword.
* * * LOW HITPOINT WARNING * * *
The orc hits you but does no damage. x2; You block the orc's attack.
The orc hits you with a short sword.
You die...

#...... #.#### #......
....#. #...... ......#
#...... .......##
#...... ........##
#...... #........#
#.....( #.....oo.##
#...... #....o@(.#
#.....#
.........(########......
###.......(...........##
##...........########
####...###### ##..# #..#
##.# #..


You could see 3 orcs.

Vanquished Creatures
  A bullfrog (D:4)
  An orc wizard (D:4)
  An adder (D:2)
  2 hobgoblins (D:3)
  A bat (D:2)
  A frilled lizard (D:3)
  5 goblins
  3 kobolds
  2 rats
17 creatures vanquished.

Notes
Turn   | Place    | Note
-------+----------+-------------------------------------------
     0 | D:1      | tidbits the Gnoll Wanderer began the quest for the Orb.
     0 | D:1      | tidbits set off with: a +0 shield, a +0 mace, a scroll of teleportation, a +0 robe, a bread ration
     0 | D:1      | Reached XP level 1. HP: 20/20 MP: 6/6
    90 | D:2      | Reached skill level 2 in Summonings
    96 | D:2      | Reached XP level 2. HP: 14/26 MP: 7/7
   109 | D:3      | Found a basalt altar of Yredelemnul.
   317 | D:3      | Reached XP level 3. HP: 24/31 MP: 9/9
   356 | D:4      | Noticed a bullfrog
   366 | D:4      | Killed a bullfrog
   366 | D:4      | Reached skill level 1 in Short Blades
   366 | D:4      | Reached skill level 1 in Long Blades
   366 | D:4      | Reached skill level 1 in Axes
   366 | D:4      | Reached skill level 1 in Polearms
   366 | D:4      | Reached skill level 1 in Staves
   366 | D:4      | Reached skill level 1 in Slings
   366 | D:4      | Reached skill level 1 in Bows
   366 | D:4      | Reached skill level 1 in Crossbows
   366 | D:4      | Reached skill level 1 in Throwing
   366 | D:4      | Reached skill level 1 in Dodging
   366 | D:4      | Reached skill level 1 in Stealth
   366 | D:4      | Reached skill level 1 in Unarmed Combat
   366 | D:4      | Reached skill level 5 in Spellcasting
   366 | D:4      | Reached skill level 1 in Invocations
   366 | D:4      | Reached skill level 1 in Evocations
   366 | D:4      | Reached XP level 4. HP: 9/38 MP: 11/11
   430 | D:4      | Reached skill level 1 in Conjurations
   430 | D:4      | Reached skill level 1 in Hexes
   430 | D:4      | Reached skill level 1 in Charms
   430 | D:4      | Reached skill level 1 in Necromancy
   430 | D:4      | Reached skill level 1 in Translocations
   430 | D:4      | Reached skill level 1 in Transmutations
   430 | D:4      | Reached skill level 1 in Fire Magic
   430 | D:4      | Reached skill level 1 in Ice Magic
   430 | D:4      | Reached skill level 1 in Air Magic
   430 | D:4      | Reached skill level 1 in Earth Magic
   430 | D:4      | Reached skill level 1 in Poison Magic
   430 | D:4      | Reached XP level 5. HP: 20/43 MP: 12/12
   435 | D:4      | HP: 4/43 [orc/short sword (6)]
   435 | D:4      | Slain by an orc

Vault maps used:
D:1:      dpeg_arrival_snail
D:2:      uniq_crazy_yiuf_cottage, uniq_sigmund
D:3:      grunt_temple_overflow_open, first_bread, serial_bayou_crossing,
          uniq_jessica
D:4:      cheibrodos_sewer_entry_sluice, nicolae_underground_beach, uniq_edmund

Skill      XL: |  1  2  3  4 |
---------------+-------------+-----
Summonings     | 2 |  2.3
Short Blades   | 1 |  1.2
Long Blades    | 1 |  1.2
Axes           | 1 |  1.2
Polearms       | 1 |  1.2
Staves         | 1 |  1.2
Slings         | 1 |  1.2
Bows           | 1 |  1.2
Crossbows      | 1 |  1.2
Throwing       | 1 |  1.2
Dodging        | 1 |  1.2
Stealth        | 1 |  1.2
Unarmed Combat | 1 |  1.2
Spellcasting   | 5 |  5.1
Invocations    | 1 |  1.4
Evocations     | 1 |  1.2
Conjurations   | 1 |  1.0
Hexes          | 1 |  1.0
Charms         | 1 |  1.0
Necromancy     | 1 |  1.0
Translocations | 1 |  1.0
Transmutations | 1 |  1.0
Fire Magic     | 1 |  1.0
Ice Magic      | 1 |  1.0
Air Magic      | 1 |  1.0
Earth Magic    | 1 |  1.0
Poison Magic   | 1 |  1.0
Fighting       | |  4.7
Maces & Flails | |  4.7
Armour         | |  2.8
Shields        | |  4.7

Action                   |  1- 3 |  4- 6 || total
-------------------------+-------+-------++-------
Melee: Mace              |    52 |     7 ||    59
       Bite              |     2 |     2 ||     4
  Use: Potion            |       |     1 ||     1
 Stab: Sleeping          |     1 |       ||     1
Armor: Robe              |     4 |     2 ||     6
Dodge: Dodged            |    11 |     5 ||    16
Block: Shield            |    26 |    11 ||    37

Table legend:
 A = Spawn XP
 B = Non-spawn XP
 C = Spawn XP percentage of total XP
 D = Spawn monster count
 E = Non-spawn monster count
 F = Spawn count percentage of total count
 G = Total turns spent on level
                    A         B        C        D         E        F      G
               +---------+---------+-------+---------+---------+-------+---------
         Total |       0 |     167 |   0.0 |       0 |      17 |   0.0 |   435
               +---------+---------+-------+---------+---------+-------+---------
           D:1 |       0 |       2 |   0.0 |       0 |       2 |   0.0 |    72
           D:2 |       0 |      24 |   0.0 |       0 |       8 |   0.0 |   126
           D:3 |       0 |       8 |   0.0 |       0 |       5 |   0.0 |   156
           D:4 |       0 |     133 |   0.0 |       0 |       2 |   0.0 |    81
               +---------+---------+-------+---------+---------+-------+---------

Table legend:
 A = Turns spent in this place as a percentage of turns spent in the entire game.
 B = Non-inter-level travel turns spent in this place as a percentage of non-inter-level travel turns spent in the entire game.
 C = Inter-level travel turns spent in this place as a percentage of turns spent in this place.
 D = Turns resting spent in this place as a percentage of non-inter-level travel turns spent in this place.
 E = Turns spent auto-exploring this place as a percentage of non-inter-level travel turns spent in this place.
 F = Non-inter-level travel turns spent in this place divided by the number of levels of this place that you've seen.
                   A       B       C       D       E      F
               +-------+-------+-------+-------+-------+----------------------
         Total | 100.0 | 100.0 |   0.0 |   0.0 |   0.0 | 108.8
       Dungeon | 100.0 | 100.0 |   0.0 |   0.0 |   0.0 | 108.8
               +-------+-------+-------+-------+-------+----------------------

Table legend:
 A = Kills in this place as a percentage of kills in entire the game.
 B = Kills by you in this place as a percentage of kills by you in the entire game.
 C = Kills by friends in this place as a percentage of kills by friends in the entire game.
 D = Other kills in this place as a percentage of other kills in the entire game.
 E = Experience gained in this place as a percentage of experience gained in the entire game.
 F = Experience gained in this place divided by the number of levels of this place that you have seen.
                   A       B       C       D       E      F
               +-------+-------+-------+-------+-------+----------------------
         Total | 100.0 | 100.0 |   N/A |   N/A | 100.0 |  41.8
       Dungeon | 100.0 | 100.0 |   N/A |   N/A | 100.0 |  41.8
               +-------+-------+-------+-------+-------+----------------------

Vault maps used:
D:1:      dpeg_arrival_snail
D:2:      uniq_crazy_yiuf_cottage, uniq_sigmund
D:3:      grunt_temple_overflow_open, first_bread, serial_bayou_crossing,
          uniq_jessica
D:4:      cheibrodos_sewer_entry_sluice, nicolae_underground_beach, uniq_edmund
